 Dungeon Crawl Stone Soup version 0.19.1-1-g22dce08 (webtiles) character file.

2711 Peloso the Slasher (level 9, -3/75 HPs)
             Began as a Ghoul Fighter on Jan 3, 2017.
             Was an Initiate of Okawaru.
             Slain by an orc warrior
             ... wielding a +0 dire flail
              (14 damage)
             ... in the Ecumenical Temple.
             The game lasted 00:19:26 (5522 turns).

Peloso the Slasher (Ghoul Fighter)                  Turns: 5522, Time: 00:19:27

Health: -3/75      AC: 12    Str: 20    XL:     9   Next: 66%
Magic:  17/17      EV:  7    Int:  3    God:    Okawaru [......]
Gold:   385        SH: 10    Dex: 11    Spells: 0 memorised, 8 levels left

rFire  . . .     SeeInvis .     o - +4 long sword
rCold  + . .     Gourm    .     j - +0 chain mail
rNeg   + + +     Faith    .     c - +0 shield
rPois  ∞         Spirit   .     m - +0 helmet
rElec  .         Reflect  .     (no cloak)
rCorr  .         Harm     .     (no gloves)
MR     .....                    t - +0 pair of boots
Stlth  ..........               b - amulet of regeneration
                                (no ring)
                                k - ring of magical power

@: rotting
A: rotting body, claws 1, carnivore 3, cold resistance 1, negative energy
resistance 3, slow regeneration 1, torment resistance, unbreathing
a: Renounce Religion


You were in the Ecumenical Temple.
You worshipped Okawaru.
Okawaru was noncommittal.
You were not hungry.

You visited 2 branches of the dungeon, and saw 8 of its levels.

You collected 385 gold pieces.

Inventory:

Hand Weapons
 a - a +0 long sword
 o - a +4 long sword (weapon)
 q - a cursed -3 dagger
Armour
 c - a +0 shield (worn)
 j - a +0 chain mail (worn)
 m - a +0 helmet (worn)
 t - a +0 pair of boots (worn)
Jewellery
 b - an amulet of regeneration (around neck)
 k - a ring of magical power (left claw)
Wands
 B - a wand of lightning (2/15)
Scrolls
 g - a scroll of remove curse
 h - a scroll of teleportation
 i - 9 scrolls of identify
 r - 2 scrolls of magic mapping
 w - a scroll of enchant weapon {unknown}
 x - a scroll of recharging {unknown}
 z - a scroll of torment {unknown}
Potions
 d - 2 potions of might
 l - a potion of agility {unknown}
 n - 2 potions of magic
 v - 2 potions of curing {unknown}
Books
 e - a book of Changes

   Spells                             Type                      Level
   a - Beastly Appendage              Transmutation                1
   b - Sticks to Snakes               Transmutation                2
   c - Spider Form                    Transmutation/Poison         3
   d - Ice Form                       Ice/Transmutation            4
   e - Blade Hands                    Transmutation                5
 p - a book of Conjurations

   Spells                             Type                      Level
   a - Magic Dart                     Conjuration                  1
   b - Searing Ray                    Conjuration                  2
   c - Dazzling Spray                 Conjuration/Hexes            3
   d - Fulminant Prism                Conjuration/Hexes            4
   e - Iskenderun's Mystic Blast      Conjuration                  4
   f - Iskenderun's Battlesphere      Conjuration/Charms           5
 u - a book of Maledictions

   Spells                             Type                      Level
   a - Corona                         Hexes                        1
   b - Ensorcelled Hibernation        Hexes/Ice                    2
   c - Confuse                        Hexes                        3
   d - Tukima's Dance                 Hexes                        3
   e - Dazzling Spray                 Conjuration/Hexes            3
 y - a Young Poisoner's Handbook

   Spells                             Type                      Level
   a - Sting                          Conjuration/Poison           1
   b - Mephitic Cloud                 Conjuration/Poison/Air       3
   c - Olgreb's Toxic Radiance        Poison                       4
   d - Alistair's Intoxication        Transmutation/Poison         5
   e - Venom Bolt                     Conjuration/Poison           5
Comestibles
 f - 5 meat rations
 s - a slice of pizza
 A - a beef jerky
 C - 9 chunks of flesh


   Skills:
 + Level 5.9 Fighting
 + Level 7.8 Long Blades
 + Level 5.8 Armour
 + Level 2.7 Dodging
 + Level 0.5 Stealth
 + Level 5.9 Shields


You had 8 spell levels left.
You didn't know any spells.

Dungeon Overview and Level Annotations

Branches:
Dungeon (7/15)             Temple (1/1) D:7

Altars:
Cheibriados
Elyvilon
Gozag
Hepliaklqana
Kikubaaqudgha
Makhleb
Okawaru
Qazlal
Ru
Sif Muna
Trog
Uskayaw
Vehumet
Xom
Yredelemnul
Zin
The Shining One

Shops:
D:6 %[   D:7 [


Innate Abilities, Weirdness & Mutations

Your body is rotting away.
You thrive on raw meat.
You are immune to poison.
You have sharp fingernails.
You are carnivorous and can eat meat at any time.
Your flesh is cold resistant. (rC+)
You are immune to negative energy. (rN+++)
You regenerate slowly when monsters are visible.
You are immune to unholy pain and torment.
You can survive without breathing.


Message History

Found an ancient bone altar of Kikubaaqudgha.
Found a glowing silver altar of Zin and a hazy altar of Hepliaklqana.
Found a white marble altar of Elyvilon.
Found two altars.
Found a deep blue altar of Sif Muna.
Found a radiant altar of Vehumet.
Found a shimmering altar of Xom.
Found a bloodstained altar of Trog.
Found an opulent altar of Gozag.
Found a burning altar of Makhleb.
You closely miss the orc warrior.
The orc warrior is almost dead.
You block the orc warrior's attack.
You hit the orc warrior.
The orc warrior is almost dead.
The orc warrior barely misses you.
You closely miss the orc warrior.
The orc warrior is almost dead.
The orc warrior hits you with a dire flail!
You die...

...... ............
...... ....._..... ....#
........... ...#
.......... ..#
#......... ..# ....._...
.# #........ .##
##@....... .<#
#_o....... .##
##...._... .##
##........ ..#
#......... ..##
##......... ...##
##....._....
....#########...........
......##_##.............


You could see an orc warrior.

Vanquished Creatures
  Pikel (D:6)
  Prince Ribbit (D:6)
  A hippogriff (D:7)
  3 ice beasts
  A black bear (D:7)
  A centaur (D:6)
  3 ogres
  2 bullfrogs (D:6)
  2 scorpions
  5 wights
  2 crimson imps
  2 hounds (D:5)
  3 orc priests
  5 orc wizards
  A bullfrog skeleton (D:4)
  A centaur skeleton (D:7)
  Jessica (D:2)
  2 iguanas
  3 worker ants
  Robin (D:2)
  A gnoll (D:3)
  3 adders
  2 shadow imps (D:6)
  An ooze (D:2)
  A worm (D:5)
  2 dart slugs
  3 leopard geckos
  29 orcs
  A ball python (D:6)
  8 giant cockroaches
  10 hobgoblins
  12 jackals
  2 quokkas
  7 bats
  3 frilled lizards
  A giant cockroach zombie (D:5)
  17 goblins
  10 kobolds
  A quokka skeleton (D:7)
  10 rats
165 creatures vanquished.

Vanquished Creatures (others)
  3 slaves (D:6)
  A bullfrog (D:6)
  An orc wizard (D:6)
  A leopard gecko (D:6)
  An orc (D:6)
  A quokka (D:7)
8 creatures vanquished.

Grand Total: 173 creatures vanquished

Notes
Turn   | Place    | Note
-------+----------+-------------------------------------------
     0 | D:1      | Peloso the Ghoul Fighter began the quest for the Orb.
     0 | D:1      | Reached XP level 1. HP: 19/19 MP: 0/0
    93 | D:1      | Reached XP level 2. HP: 15/26 MP: 1/1
   172 | D:1      | Reached skill level 2 in Long Blades
   253 | D:1      | Reached XP level 3. HP: 17/30 MP: 2/2
   560 | D:2      | Noticed Jessica
   576 | D:2      | Killed Jessica
   576 | D:2      | Reached XP level 4. HP: 40/40 MP: 3/3
   589 | D:2      | Found a sacrificial altar of Ru.
   740 | D:2      | Noticed Robin
   763 | D:2      | Killed Robin
   763 | D:2      | Reached skill level 3 in Long Blades
  1070 | D:2      | Reached XP level 5. HP: 46/46 MP: 4/4
  2215 | D:4      | Noticed an ogre
  2225 | D:5      | Entered Level 5 of the Dungeon
  2289 | D:5      | Reached XP level 6. HP: 42/52 MP: 5/5
  2420 | D:5      | Reached skill level 4 in Long Blades
  2420 | D:5      | Reached skill level 1 in Dodging
  2578 | D:5      | HP: 2/49 [jackal (2)]
  2968 | D:5      | Noticed an ice beast
  3005 | D:5      | Killed an ice beast
  3124 | D:5      | Reached XP level 7. HP: 58/58 MP: 6/6
  3581 | D:4      | Reached skill level 5 in Long Blades
  3736 | D:6      | Noticed Pikel
  3777 | D:6      | Killed Pikel
  3777 | D:6      | Reached skill level 5 in Fighting
  3777 | D:6      | Reached skill level 6 in Long Blades
  3777 | D:6      | Reached XP level 8. HP: 53/68 MP: 7/7
  3801 | D:6      | Reached skill level 5 in Armour
  3801 | D:6      | Reached skill level 5 in Shields
  3810 | D:6      | HP: 1/68 [ice beast (3)]
  3833 | D:5      | HP: 2/68 [leopard gecko (4)]
  3848 | D:5      | HP: 3/68 [leopard gecko (4)]
  4175 | D:5      | Reached XP level 9. HP: 74/74 MP: 8/8
  4379 | D:6      | Found Waoge's Food Shop.
  4426 | D:6      | Noticed Prince Ribbit
  4483 | D:6      | Killed Prince Ribbit
  4483 | D:6      | Reached skill level 7 in Long Blades
  4554 | D:6      | Found Jorro's Armour Boutique.
  5016 | D:7      | Found Nejaytit's Armour Boutique.
  5065 | D:7      | Found a staircase to the Ecumenical Temple.
  5079 | Temple   | Entered the Ecumenical Temple
  5085 | Temple   | Became a worshipper of Warmaster Okawaru
  5448 | D:7      | Found a white marble altar of Elyvilon.
  5496 | Temple   | HP: 3/75 [orc warrior/dire flail (8)]
  5522 | Temple   | Slain by an orc warrior

Skill      XL: |  1  2  3  4  5  6  7  8  9 |
---------------+----------------------------+-----
Long Blades    | 2 3 4 6 7 |  7.8
Shields        | 3 4 5 |  5.9
Armour         | 3 4 5 |  5.8
Fighting       | 4 5 |  5.9
Dodging        | 1 2 |  2.7
Stealth        | |  0.5

Action                   |  1- 3 |  4- 6 |  7- 9 || total
-------------------------+-------+-------+-------++-------
Melee: Long sword        |    97 |   413 |   415 ||   925
  Use: Scroll            |       |     4 |     3 ||     7
  Eat: Chunk             |     1 |     7 |    15 ||    23
Armor: Scale mail        |    66 |    14 |       ||    80
       Chain mail        |       |   233 |   256 ||   489
Dodge: Dodged            |    47 |   112 |   120 ||   279
Block: Shield            |    56 |   206 |   236 ||   498
       Rpst.: Long sword |    13 |    36 |    34 ||    83
